AoeStats
← eerkykdi

Black Forest

509619472Analyzed
4v4 RM · 5d ago on Sep 27, 2026· 48m 46s· 8 players
Game mode
Random Map
Map size
Large (8 player)
Population
200
Speed
Normal
Resources
Standard
Victory
Conquest
Starting age
Dark Age
Ending age
Imperial Age
RankedLock teamsTeams togetherTeam positionsShared explorationLock speedFull tech treeHidden civsTurbo modeCheats
Victory
Defeat
🇺🇸 Turks · United States
877
+13
🇲🇽 Cumans · Mexico
867
+13
🇨🇳 Inca · China
821
+15
🇨🇦 Magyars · Canada
805
+16
🇩🇪 Huns · Germany
922
-19
🇫🇷 Mongols · France
812
-15
🇮🇳 Portuguese · India
800
-14
🇩🇪 Cumans · Germany
670
-9
tarhaney
1:39 Loom
13:23 Feudal Age
17:35 Double-Bit Axe
21:24 Castle Age
25:50 Wheelbarrow
28:47 Imperial Age
27:01 Wheelbarrow
27:59 Caravan
30:10 Fortified Wall
Marshall
4:48 Loom
16:02 Feudal Age
16:29 Double-Bit Axe
16:33 Horse Collar
24:15 Castle Age
24:17 Gold Mining
24:21 Stone Mining
25:19 Bow Saw
25:55 Heavy Plow
26:35 Gold Shaft Mining
27:06 Fletching
27:16 Padded Archer Armor
31:37 Bodkin Arrow
31:57 Leather Archer Armor
35:17 Imperial Age
34:33 Scale Barding Armor
34:45 Bloodlines
34:39 Husbandry
36:33 Crop Rotation
37:14 Two-Man Saw
36:54 Chain Barding Armor
36:35 Bracer
37:02 Caravan
37:32 Coinage
36:55 Cavalier
41:56 Banking
42:38 Wheelbarrow
44:56 Hand Cart
44:27 Town Watch
46:48 Paladin
Troliyah
0:31 Loom
13:00 Feudal Age
16:36 Wheelbarrow
19:01 Double-Bit Axe
19:27 Town Watch
20:38 Horse Collar
24:11 Castle Age
22:25 Horse Collar
22:38 Gold Mining
22:57 Stone Mining
28:03 Gold Shaft Mining
28:01 Town Patrol
28:29 Hand Cart
28:43 Fletching
28:50 Capped Ram
31:09 Light Cavalry
32:01 Bloodlines
32:45 Steppe Husbandry
36:57 Imperial Age
34:49 Bow Saw
36:05 Bodkin Arrow
38:11 Heavy Plow
38:35 Forging
40:29 Two-Man Saw
40:01 Crop Rotation
39:26 Hussar
41:50 Iron Casting
41:21 Scale Barding Armor
43:31 Conscription
43:11 Cuman Mercenaries
43:56 Elite Skirmisher
飞羽
0:45 Loom
12:03 Feudal Age
19:01 Castle Age
17:09 Stone Mining
17:41 Horse Collar
20:09 Double-Bit Axe
26:34 Wheelbarrow
25:59 Gold Mining
32:45 Imperial Age
30:25 Heavy Plow
30:38 Forging
30:29 Scale Mail Armor
32:30 Gold Shaft Mining
32:08 Bow Saw
32:20 Chain Mail Armor
32:51 Capped Ram
33:54 Elite Kamayuk
36:12 Iron Casting
36:09 Plate Mail Armor
36:44 Conscription
36:28 Fabric Shields
39:02 Blast Furnace
38:32 Siege Ram
Corona
2:05 Loom
12:41 Feudal Age
14:28 Horse Collar
14:36 Double-Bit Axe
17:24 Castle Age
17:52 Wheelbarrow
21:04 Fervor
25:39 Bow Saw
25:31 Heavy Plow
26:46 Hand Cart
27:05 Gold Mining
27:05 Stone Mining
28:53 Gold Shaft Mining
28:54 Stone Shaft Mining
32:12 Imperial Age
29:28 Town Watch
30:17 Ballistics
30:23 Padded Archer Armor
30:13 Fletching
32:37 Leather Archer Armor
32:18 Bodkin Arrow
33:58 Chemistry
33:07 Siege Engineers
33:26 Conscription
33:28 Elite Mangudai
35:20 Parthian Tactics
35:02 Thumb Ring
34:46 Arson
35:16 Bloodlines
35:14 Bracer
35:20 Scale Barding Armor
35:26 Forging
36:31 Husbandry
35:51 Light Cavalry
37:25 Hussar
38:32 Chain Barding Armor
38:49 Iron Casting
eerkykdi
2:10 Loom
11:30 Feudal Age
14:21 Double-Bit Axe
15:37 Horse Collar
18:56 Wheelbarrow
21:58 Castle Age
20:38 Gold Mining
20:38 Stone Mining
24:50 Heavy Plow
25:02 Bow Saw
26:15 Hand Cart
31:46 Imperial Age
29:34 Capped Ram
31:05 Masonry
31:07 Careening
32:19 Bloodlines
32:34 Fletching
32:24 Elite Steppe Lancer
32:30 Elite Skirmisher
33:09 Bodkin Arrow
33:15 Padded Archer Armor
33:55 Gold Shaft Mining
34:02 Scale Barding Armor
34:27 Murder Holes
35:33 Chemistry
35:14 Town Watch
36:28 Conscription
36:40 Siege Ram
38:47 Two-Man Saw
38:45 Leather Archer Armor
38:41 Forging
40:34 Iron Casting
40:31 Ring Archer Armor
41:01 Thumb Ring
42:03 Cavalier
45:01 Blast Furnace
44:01 Scale Mail Armor
44:22 Chain Barding Armor
FLO57
16:28 Feudal Age
20:15 Castle Age
19:07 Fletching
19:25 Double-Bit Axe
20:23 Horse Collar
21:06 Bow Saw
21:20 Heavy Plow
21:32 Stone Mining
21:55 Gold Mining
27:49 Bodkin Arrow
29:35 Marauders
33:29 Pikeman
37:48 Husbandry
38:16 Forging
39:37 Ballistics
48:17 Imperial Age
xxbysnipxx
10:44 Feudal Age
15:52 Castle Age
14:13 Double-Bit Axe
32:29 Imperial Age
30:21 Bow Saw
29:55 Horse Collar
33:42 Treadmill Crane
34:23 Ballistics
35:04 Chemistry
34:12 Husbandry
34:25 Bloodlines
33:37 Cavalier
36:14 Scale Mail Armor
36:25 Forging
36:21 Scale Barding Armor
36:15 Pikeman
39:06 Chain Barding Armor
39:04 Chain Mail Armor
39:32 Conscription
40:00 Guilds
40:41 Halberdier
49:19 Plate Barding Armor
49:20 Iron Casting
Connection lost

Rejoining the realm…

Still unreachable

The connection could not be restored.

Session expired

The server has moved on; the page needs a fresh start.